AoeStats
← OmarGutieG

Oasis

509596534Analyzed
2v2 RM · 4d ago on Sep 27, 2026· 40m 36s· 4 players
Game mode
Random Map
Map size
Medium (4 player)
Population
200
Speed
Normal
Resources
Standard
Victory
Conquest
Starting age
Dark Age
Ending age
Imperial Age
RankedLock teamsTeams togetherTeam positionsShared explorationLock speedFull tech treeHidden civsTurbo modeCheats
Victory
Defeat
🇹🇷 Varangians · Türkiye
1393
+14
🇹🇷 Ethiopians · Türkiye
1229
+21
🇲🇽 Magyars · Mexico
1353
-18
🇲🇽 Ethiopians · Mexico
1343
-17
[GN]LAZURİ
8:27 Loom
11:27 Feudal Age
11:28 Man-at-Arms
12:00 Double-Bit Axe
11:56 Horse Collar
12:34 Arson
20:36 Castle Age
19:10 Forging
20:46 Bloodlines
21:21 Wheelbarrow
20:41 Gold Mining
21:31 Scale Barding Armor
21:40 Bow Saw
22:43 Heavy Plow
25:48 Iron Casting
26:18 Chain Barding Armor
27:14 Husbandry
30:11 Chain Barding Armor
32:57 Fletching
33:28 Hand Cart
33:46 Bodkin Arrow
38:11 Imperial Age
35:07 Light Cavalry
36:01 Town Watch
35:58 Vendel Legacy
37:17 Ballistics
39:32 Plate Barding Armor
38:18 Cavalier
41:19 Blast Furnace
Conqurues
6:40 Loom
9:31 Feudal Age
10:24 Double-Bit Axe
18:40 Castle Age
17:53 Fletching
19:21 Bodkin Arrow
21:26 Crossbowman
24:37 Padded Archer Armor
25:26 Wheelbarrow
29:34 Leather Archer Armor
30:04 Ballistics
35:25 Imperial Age
35:37 Bow Saw
35:13 Horse Collar
37:08 Chemistry
36:10 Bracer
36:05 Arbalester
36:53 Thumb Ring
armigame1
6:45 Loom
9:09 Feudal Age
20:51 Castle Age
19:18 Gold Mining
19:44 Bloodlines
19:55 Scale Barding Armor
21:41 Double-Bit Axe
23:08 Chain Barding Armor
27:01 Wheelbarrow
30:00 Bow Saw
29:47 Pikeman
31:20 Pikeman
37:20 Scale Mail Armor
39:44 Ballistics
40:13 Hand Cart
OmarGutieG
5:06 Loom
7:33 Loom
9:52 Feudal Age
12:35 Fletching
15:00 Double-Bit Axe
20:40 Castle Age
19:24 Padded Archer Armor
23:16 Crossbowman
25:51 Bodkin Arrow
26:39 Wheelbarrow
27:33 Horse Collar
34:33 Hand Cart
34:36 Bow Saw
36:38 Town Watch
37:28 Leather Archer Armor
38:26 Ballistics
38:39 Thumb Ring
41:38 Imperial Age
39:43 Light Cavalry
40:32 Scale Barding Armor
40:46 Town Patrol
Connection lost

Rejoining the realm…

Still unreachable

The connection could not be restored.

Session expired

The server has moved on; the page needs a fresh start.